 Seeded DCSS version 0.31-a0-986-g5e6e4ef867 (webtiles) character file.

Game seed: 15151140065775608576 (custom seed)

403 timneilson the Shield-Bearer (level 6, -1/38 HPs)
             Began as a Gargoyle Fighter on Nov 12, 2023.
             Slain by a gnoll
             ... wielding a +0 whip
             ... led by a gnoll bouda
              (5 damage)
             ... on level 4 of the Dungeon.
             The game lasted 00:03:48 (3130 turns).

timneilson the Shield-Bearer (Gargoyle Fighter)     Turns: 3130, Time: 00:03:48

Health: -1/38      AC: 14    Str: 20    XL:     6   Next: 86%
Magic:  6/6        EV:  8    Int:  8    God:
Gold:   176        SH:  6    Dex: 11    Spells: 5/5 levels left

rFire   . . .        a - +1 long sword
rCold   . . .        c - +1 buckler
rNeg    + . .        e - +0 chain mail {Will+}
rPois   ∞            (no helmet)
rElec   +            (no cloak)
rCorr   .            (no gloves)
SInv    .            (no boots)
Will    +....        (no amulet) Stlth
                     (no ring)
HPRegen 0.26/turn    (no ring)
MPRegen 0.10/turn

%: no passive effects
@: brilliant, studying Translocations
A: sickness immunity, AC +4, negative energy resistance 1, electricity
resistance, torment resistance 1, petrification resistance
a: no special abilities


You were on level 4 of the Dungeon.
You visited 1 branch of the dungeon, and saw 4 of its levels.

You collected 176 gold pieces.

Inventory:

Hand Weapons
 a - a +1 long sword (weapon)
Armour
 c - a +1 buckler (worn)
 e - a +0 chain mail of willpower (worn)
Scrolls
 j - 2 scrolls of enchant weapon
 l - 3 scrolls of vulnerability
Potions
 b - a potion of resistance {unknown}
 f - a potion of haste {unknown}
 g - a potion of degeneration {unknown}
 h - a potion of heal wounds {unknown}


   Skills:
 + Level 4.2 Fighting
 * Level 3.5 Long Blades
 * Level 4.9 Armour
 + Level 1.5 Dodging
 * Level 5.0 Shields


You had 5 spell levels left.
You didn't know any spells.
Your spell library was empty.

Dungeon Overview and Level Annotations

Branches:
Dungeon (4/15)
 Temple: D:4-7

Altars:


Innate Abilities, Weirdness & Mutations

You are immune to sickness and miasma.
Your stone body is resilient. (AC +4)
You are immune to poison.
You resist negative energy. (rN+)
You are resistant to electric shocks. (rElec)
You are resistant to unholy torment.
You are immune to petrification.


Message History

The gnoll is severely wounded.
The gnoll hits you but does no damage. x2
You completely miss the gnoll.
The gnoll is severely wounded.
You block the gnoll's attack. The gnoll misses you.
The gnoll hits you with a +0 whip. The gnoll hits you but does no damage.
You barely miss the gnoll.
The gnoll is severely wounded.
The gnoll hits you but does no damage. The gnoll barely misses you.
You hit the gnoll.
The gnoll is severely wounded.
The gnoll barely misses you. The gnoll hits you but does no damage.
You barely miss the gnoll.
The gnoll is severely wounded.
The gnoll hits you with a +0 whip. The gnoll hits you but does no damage.
You hit the gnoll.
The gnoll is almost dead.
You block the gnoll's attack. The gnoll hits you with a +0 whip.
The gnoll hits you with a +0 flail. The gnoll hits you with a +0 whip.
You hit the gnoll.
You kill the gnoll!
The gnoll hits you but does no damage.
You slash the gnoll!
The gnoll is heavily wounded.
The gnoll hits you with a +0 whip.
* * * LOW HITPOINT WARNING * * *
You barely miss the gnoll.
The gnoll is heavily wounded.
The gnoll hits you with a +0 whip.
* * * LOW HITPOINT WARNING * * *
You block the gnoll's attack. The gnoll attacks as it pursues you!
The gnoll hits you with a +0 whip.
* * * LOW HITPOINT WARNING * * *
You hit the gnoll but do no damage.
The gnoll is heavily wounded.
The gnoll barely misses you.
It was a potion of brilliance.
You feel clever all of a sudden. The gnoll hits you with a +0 whip.
You die...

...# #..# #..# #.g
#..#+# #.g# #....# ...#
#....##+## #..#
##........# .$#
##.........#+#
######..#
))###........# +@g.#..#
### ###...#### ###)).#
# ####..######...#
###..#.....###
####..........####
###................#
####............#######
##...............#
##.......[........#


You could see a gnoll.

Vanquished Creatures
  2 ogres
  A hound (D:3)
  An orc priest (D:3)
  An orc wizard (D:4)
  6 gnolls (D:4)
  3 adders (D:2)
  A worm (D:2)
  3 dart slugs
  3 orcs
  3 bats
  6 endoplasms
  3 giant cockroaches
  3 goblins
  4 hobgoblins
  2 jackals (D:2)
  A quokka (D:2)
  5 ball pythons
  2 frilled lizards
  5 kobolds
  5 rats
60 creatures vanquished.

Vanquished Creatures (others)
  A quokka (D:4)
1 creature vanquished.

Grand Total: 61 creatures vanquished

Notes
Turn   | Place    | Note
-------+----------+-------------------------------------------
     0 | D:1      | timneilson the Gargoyle Fighter began the quest for the
                  | Orb.
     0 | D:1      | Reached XP level 1. HP: 14/14 MP: 1/1
    99 | D:1      | Reached XP level 2. HP: 19/19 MP: 2/2
   993 | D:2      | Reached XP level 3. HP: 23/23 MP: 3/3
  1485 | D:2      | Reached XP level 4. HP: 23/28 MP: 4/4
  1530 | D:2      | Found a faded altar of an unknown god.
  1727 | D:2      | Reached skill level 4 in Shields
  1980 | D:3      | Identified a scroll of acquirement
  1980 | D:3      | Acquired a manual of Translocations
  2575 | D:3      | Noticed an ogre
  2581 | D:3      | Killed an ogre
  2582 | D:3      | Reached skill level 1 in Dodging
  2582 | D:3      | Reached XP level 5. HP: 33/33 MP: 5/5
  2710 | D:3      | Reached XP level 6. HP: 29/38 MP: 6/6
  3106 | D:4      | Reached skill level 5 in Shields
  3130 | D:4      | Slain by a gnoll

Illustrated notes

Levels and vault maps discovered:
D:1:      beargit_arrival_diablo_church, layout_basic
D:2:      layout_basic, basic_ecumenical_altar
D:3:      layout_basic
D:4:      nicolae_cairo_tiling_large, layout_cave_pods,
          nicolae_overflow_squiral, nzn_wu_jian_contemplation, elyvilon_altar_4

Skill      XL: |  1  2  3  4  5  6 |
---------------+-------------------+-----
Long Blades    | 2 3 |  3.5
Shields        | 4 5 |  5.0
Armour         | 4 |  4.9
Dodging        | 1 |  1.5
Fighting       | 4 |  4.2

Action                     |  1- 3 |  4- 6 || total
---------------------------+-------+-------++-------
  Melee: Long sword        |   120 |   102 ||   222
    Use: Scroll            |     3 |     7 ||    10
         Potion            |       |     2 ||     2
 Armour: Scale mail        |     9 |       ||     9
         Chain mail        |   113 |    76 ||   189
  Dodge: Dodged            |    50 |    30 ||    80
  Block: Buckler           |    21 |    31 ||    52

Table legend: (Time is in decaauts)
 A = Elapsed time spent in this place.
 B = Non-inter-level travel time spent in this place.
 C = Inter-level travel time spent in this place.
 D = Time resting spent in this place.
 E = Time spent auto-exploring this place.
 F = Levels seen in this place.
 G = Mean time per level.
                   A        B        C        D        E       F      G
               +--------+--------+--------+--------+--------+-----+--------+
         Total |   3200 |   3088 |    112 |    209 |   2243 |   4 |  800.0 |
       Dungeon |   3200 |   3088 |    112 |    209 |   2243 |   4 |  800.0 |
               +--------+--------+--------+--------+--------+-----+--------+

Top non-repeatable levels by time:
     D:2: 1077 daAuts
     D:1: 875 daAuts
     D:3: 810 daAuts
     D:4: 437 daAuts
